 Dungeon Crawl Stone Soup version 0.23-a0-171-g5ae17c6 (webtiles) character file.

849 Amnesiac the Chiller (level 7, 0/46 HPs)
             Began as a Mummy Ice Elementalist on Sept 14, 2018.
             Was an Initiate of Vehumet.
             Slain by a sky beast (5 damage)
             ... on level 5 of the Dungeon.
             The game lasted 00:07:26 (3012 turns).

Amnesiac the Chiller (Mummy Ice Elementalist)       Turns: 3012, Time: 00:07:26

Health: 0/46       AC:  2    Str: 12    XL:     7   Next: 69%
Magic:  13/16      EV: 12    Int: 16    God:    Vehumet [......]
Gold:   79         SH:  0    Dex: 12    Spells: 4/18 levels left

rFire    x . .     SeeInvis .   a - +2 dagger (protect)
rCold    + . .     Gourm    .   (no shield)
rNeg     + + +     Faith    .   i - +0 robe
rPois    ∞         Spirit   .   (no helmet)
rElec    .         Reflect  .   (no cloak)
rCorr    .         Harm     .   (no gloves)
MR       .....                  (no boots)
Stlth    ++........             (no amulet)
HPRegen  0.15/turn              c - ring of flight
MPRegen  0.15/turn              (no ring)

@: slowed, very slow
A: no food or potions, fire vulnerability, cold resistance 1, negative energy
resistance 3, torment resistance, unbreathing
a: Renounce Religion, Evoke Flight


You were on level 5 of the Dungeon.
You worshipped Vehumet.
Vehumet was noncommittal.
You were not hungry.

You visited 2 branches of the dungeon, and saw 7 of its levels.

You collected 79 gold pieces.

Inventory:

Hand Weapons
 a - a +2 dagger of protection (weapon)
Armour
 i - a +0 robe (worn)
Jewellery
 c - a ring of flight (left hand)
Wands
 h - a wand of polymorph (9)


   Skills:
 - Level 1.5 Dodging
 - Level 1.5 Stealth
 - Level 6.3 Spellcasting
 + Level 1.3 Conjurations
 - Level 6.4 Ice Magic


You had 4 spell levels left.
You knew the following spells:

 Your Spells              Type           Power        Failure   Level  Hunger
a - Freeze                Ice            ####         1%          1    N/A
b - Summon Ice Beast      Ice/Summ       ###.....     34%         4    N/A
d - Throw Icicle          Conj/Ice       ###.....     26%         4    N/A
e - Throw Frost           Conj/Ice       ###...       4%          2    N/A
z - Ozocubu's Armour      Chrm/Ice       ###.....     11%         3    N/A

Your spell library contained the following spells:

 Spells                   Type           Power        Failure   Level  Hunger


Dungeon Overview and Level Annotations

Branches:
Dungeon (6/15)             Temple (1/1) D:5

Altars:
Ashenzari
Cheibriados
Elyvilon
Gozag
Hepliaklqana
Kikubaaqudgha
Nemelex Xobeh
Okawaru
Ru
Sif Muna
Trog
Uskayaw
Vehumet
Wu Jian
Xom
Yredelemnul
Zin
The Shining One


Innate Abilities, Weirdness & Mutations

You do not eat or drink.
Your flesh is vulnerable to fire.
You are immune to poison.
Your flesh is cold resistant. (rC+)
You are immune to negative energy. (rN+++)
You are immune to unholy pain and torment.
You can survive without breathing.


Message History

Found a ration.
The orc shouts!
Really read
f - a scroll of teleportation {!r}?
As you read the scroll of teleportation {!r}, it crumbles to dust.
You feel strangely unstable.
The orc wizard casts a spell.
The orc wizard blinks!
Casting: Freeze (safe; 1% risk of failure)
Confirm with . or Enter, or press ? or * to list all spells.
Aiming: Freeze (safe; 1% risk of failure)
Press: ? - help, Shift-Dir - straight line, f - orc wizard
Aim: an orc wizard, wielding a dagger and wearing a robe You freeze the orc wizard.
The orc wizard is heavily wounded.
The orc wizard casts a spell.
The orc wizard blinks!
A gnoll comes into view. It is wielding a flail.
The orc wizard hits you but does no damage.
Casting: Freeze (safe; 1% risk of failure)
Confirm with . or Enter, or press ? or * to list all spells.
Aiming: Freeze (safe; 1% risk of failure)
Press: ? - help, Shift-Dir - straight line, f/p - orc wizard
Aim: an orc wizard, wielding a dagger and wearing a robe (heavily wounded)
You freeze the orc wizard.
You kill the orc wizard!
Vehumet accepts your kill.
Your Conjurations skill increases to level 1!
The orc closely misses you. The orc barely misses you.
Casting: Freeze (safe; 1% risk of failure)
Confirm with . or Enter, or press ? or * to list all spells.
Aiming: Freeze (safe; 1% risk of failure)
Press: ? - help, Shift-Dir - straight line, f - orc
Aim: an orc, wearing a leather armour You freeze the orc.
You kill the orc!
Vehumet accepts your kill.
Your surroundings suddenly seem different.
A centaur skeleton comes into view.
The sky beast flickers out of sight!
Deactivating autopickup; reactivate with Ctrl-A.
Casting: Freeze (safe; 1% risk of failure)
Confirm with . or Enter, or press ? or * to list all spells.
Aiming: Freeze (safe; 1% risk of failure)
Press: ? - help, Shift-Dir - straight line, f - centaur skeleton
Aim: a centaur skeleton (hasn't noticed you)
You freeze the centaur skeleton.
The centaur skeleton resists.
The centaur skeleton is lightly damaged.
The centaur skeleton barely misses you. The centaur skeleton hits you.
You aren't carrying any scrolls.
Unknown command.
The centaur skeleton closely misses you.
The centaur skeleton barely misses you. The centaur skeleton hits you.
The gnoll hits you with a flail!
* * * LOW HITPOINT WARNING * * *
Something hits you.
* * * LOW HITPOINT WARNING * * *
Something shocks you.
* * * LOW HITPOINT WARNING * * *
The centaur skeleton hits you.
* * * LOW HITPOINT WARNING * * *
Something hits you.
* * * LOW HITPOINT WARNING * * *
Something shocks you.
You die...

#.......######........#
#.#%#
#######......###.#.##>#
#^#.# #.......o.og.<# #
#.#.# #...%..###.#.##
#.#.# ###......#.#.#
#.#.# #......# #.#
####.#.# #.....g# #.#
#....#.# #...o.Z# #.#
#.####.## #.....@# #.#
#.# #..# #......'....#
#.# #..# #......#.#..#
#.# #(.† #........# #
#.# #.#. #.####.. #
#.####.#. #. #...
#......## # ###.
######### .# . ##


You could see an orc priest, a gnoll and a centaur skeleton.

Vanquished Creatures
  Prince Ribbit (D:5)
  Sigmund (D:2)
  Duvessa (D:5)
  Dowan (D:5)
  A scorpion (D:5)
  A crimson imp (D:5)
  A bullfrog zombie (D:5)
  2 orc wizards
  2 worker ants
  A gnoll (D:5)
  6 adders
  2 adder skeletons
  A worm (D:5)
  A dart slug (D:1)
  5 leopard geckos
  4 orcs
  2 giant cockroaches
  6 goblins
  A hobgoblin (D:1)
  2 jackals (D:5)
  3 quokkas
  A ball python (D:5)
  A frilled lizard (D:1)
  5 kobolds
  5 rats (D:2)
57 creatures vanquished.

Notes
Turn   | Place    | Note
-------+----------+-------------------------------------------
     0 | D:1      | Amnesiac the Mummy Ice Elementalist began the quest for the
                  | Orb.
     0 | D:1      | Reached XP level 1. HP: 13/13 MP: 4/4
   348 | D:1      | Reached XP level 2. HP: 18/19 MP: 3/5
   356 | D:1      | Learned a level 2 spell: Throw Frost
   629 | D:2      | Reached XP level 3. HP: 16/24 MP: 0/7
   649 | D:2      | Learned a level 3 spell: Ozocubu's Armour
  1248 | D:2      | Noticed Sigmund
  1295 | D:2      | Killed Sigmund
  1295 | D:2      | Reached XP level 4. HP: 25/30 MP: 2/10
  1295 | D:2      | Reached XP level 5. HP: 29/35 MP: 2/11
  1452 | D:4      | Found an iron altar of Okawaru.
  1689 | D:3      | Found an ornate altar of the Wu Jian Council.
  1721 | D:5      | Entered Level 5 of the Dungeon
  1734 | D:5      | Noticed a sky beast
  1749 | D:4      | Found a sacrificial altar of Ru.
  1770 | D:4      | Reached XP level 6. HP: 41/41 MP: 6/13
  1811 | D:4      | Found an iron altar of Okawaru.
  2077 | D:5      | Noticed Dowan
  2084 | D:5      | Noticed Duvessa
  2142 | D:5      | Reached skill level 5 in Ice Magic
  2199 | D:5      | Reached skill level 5 in Spellcasting
  2654 | D:5      | Found a staircase to the Ecumenical Temple.
  2660 | Temple   | Entered the Ecumenical Temple
  2705 | Temple   | Became a worshipper of Vehumet
  2721 | D:5      | Killed Duvessa
  2721 | D:5      | Reached XP level 7. HP: 24/46 MP: 8/15
  2730 | Temple   | Learned a level 4 spell: Throw Icicle
  2735 | Temple   | Learned a level 4 spell: Summon Ice Beast
  2866 | D:5      | Killed Dowan
  2878 | D:5      | Noticed Prince Ribbit
  2890 | D:5      | Killed Prince Ribbit
  3006 | D:5      | Reached skill level 1 in Conjurations
  3012 | D:5      | Slain by a sky beast

Vault maps used:
D:1:      eino_arrival_water_star, minmay_tromino_v7
D:2:      serial_bayou_pond_c, uniq_sigmund, uniq_crazy_yiuf_cottage
D:3:      nicolae_overflow_hidden_temple, first_ration,
          chequers_ecumenical_altar_island, bloody_trog
D:4:      grunt_temple_overflow_open, okawaru_gym_becter
D:5:      minmay_temple_entry_fiery, uniq_duvessa, uniq_prince_ribbit1
D:6:      gammafunk_ghost_cemetery, serial_park_tiny_pond, uniq_pikel,
          uniq_grinder, uniq_edmund
Temple:   eino_wide_crystal_templ

Skill      XL: |  1  2  3  4  5  6  7 |
---------------+----------------------+-----
Spellcasting   | 3 4 5 6 |  6.3
Ice Magic      | 3 4 5 6 |  6.4
Conjurations   | 1 |  1.3
Dodging        | |  1.5
Stealth        | |  1.5

Action                   |  1- 3 |  4- 6 |  7- 9 || total
-------------------------+-------+-------+-------++-------
Melee: Short sword       |    17 |       |       ||    17
       War axe           |       |    13 |       ||    13
       Dagger            |       |    32 |       ||    32
 Cast: Freeze            |    43 |    48 |    18 ||   109
       Ozocubu's Armour  |       |     4 |       ||     4
       Throw Icicle      |       |       |     2 ||     2
  Use: Scroll            |       |     1 |     5 ||     6
 Stab: Sleeping          |     6 |     4 |       ||    10
Armor: Robe              |     2 |    16 |       ||    18
Dodge: Dodged            |    27 |    43 |     9 ||    79

Table legend:
 A = Non-vault XP
 B = Vault XP
 C = Vault XP percentage of total XP
 D = Non-vault monster count
 E = Vault monster count
 F = Vault count percentage of total count
                 A         B        C        D         E       F
            +---------+---------+-------+---------+---------+-------
      Total |     491 |     723 |  59.6 |      53 |       4 |   7.0
            +---------+---------+-------+---------+---------+-------
        D:1 |      13 |       0 |   0.0 |       7 |       0 |   0.0
        D:2 |      73 |     220 |  75.1 |      18 |       1 |   5.3
        D:3 |       5 |       0 |   0.0 |       2 |       0 |   0.0
        D:4 |     114 |       0 |   0.0 |      13 |       0 |   0.0
        D:5 |     286 |     503 |  63.8 |      13 |       3 |  18.8
            +---------+---------+-------+---------+---------+-------
